 Dungeon Crawl Stone Soup version 0.30-a0-737-gf23d94013f (webtiles) character file.

Game seed: 32173046076749921

32 Dittersdorf the Shield-Bearer (level 3, -2/24 HPs)
             Began as a Gargoyle Fighter on Feb 1, 2023.
             Killed from afar by Natasha (5 damage)
             ... with a magic dart
             ... on level 2 of the Dungeon.
             The game lasted 00:00:49 (628 turns).

Dittersdorf the Shield-Bearer (Gargoyle Fighter)     Turns: 628, Time: 00:00:50

Health: -2/24      AC: 12    Str: 21    XL:     3   Next: 27%
Magic:  3/3        EV:  7    Int:  8    God:
Gold:   42         SH:  4    Dex:  9    Spells: 2/2 levels left

rFire   . . .      SeeInvis .    a - +0 flail
rCold   . . .      Faith    .    c - +0 buckler
rNeg    + . .      Spirit   .    p - +0 chain mail
rPois   ∞          Reflect  .    (no helmet)
rElec   +          Harm     .    (no cloak)
rCorr   .          Rampage  .    (no gloves)
Will    .....                    (no boots) Stlth
                                 (no amulet)
HPRegen 0.24/turn                (no ring)
MPRegen 0.08/turn                (no ring)

@: slowed, very slow
A: sickness immunity, AC +3, negative energy resistance 1, electricity
resistance, torment resistance 1, petrification resistance
a: no special abilities


You were on level 2 of the Dungeon.
You visited 1 branch of the dungeon, and saw 2 of its levels.

You collected 42 gold pieces.

Inventory:

Hand Weapons
 a - a +0 flail (weapon)
Armour
 c - a +0 buckler (worn)
 p - a +0 chain mail (worn)
Jewellery
 m - a ring of fire
Scrolls
 g - 6 scrolls of identify {unknown}
 j - a scroll of enchant weapon {unknown}
 k - 3 scrolls of torment {unknown}
 l - 3 scrolls of poison {unknown}
 o - a scroll of vulnerability {unknown}
Potions
 d - a potion of might
 e - a potion of attraction {unknown}
 f - 2 potions of haste {unknown}
 h - 2 potions of curing {unknown}
 i - 2 potions of brilliance {unknown}
 n - a potion of mutation {unknown}


   Skills:
 + Level 3.6 Fighting
 + Level 2.4 Maces & Flails
 + Level 3.6 Armour
 + Level 3.7 Shields


You had 2 spell levels left.
You didn't know any spells.
Your spell library was empty.

Dungeon Overview and Level Annotations

Branches:
Dungeon (2/15)

Altars:
Ru

Annotations:
D:2 Natasha


Innate Abilities, Weirdness & Mutations

You are immune to sickness and miasma.
Your stone body is resilient. (AC +3)
You are immune to poison.
You resist negative energy. (rN+)
You are resistant to electric shocks. (rElec)
You are resistant to unholy torment.
You are immune to petrification.


Message History

You are too injured to fight recklessly!
You are too injured to fight recklessly!
You are too injured to fight recklessly!
You are too injured to fight recklessly!
You are too injured to fight recklessly!
You are too injured to fight recklessly!
You are too injured to fight recklessly!
You are too injured to fight recklessly!
You hit Natasha.
Natasha is severely wounded.
The shadow imp spits at you. Natasha claws you.
* * * LOW HITPOINT WARNING * * *
The crimson imp hits you but does no damage.
You barely miss Natasha.
Natasha is severely wounded.
The crimson imp disappears in a puff of smoke!
Natasha closely misses you.
Natasha mumbles some strange words.
The shadow imp shouts, "Flee, thou pandering fat-kidneyed scut!"
The shadow imp hits you but does no damage.
You barely miss Natasha.
Natasha is severely wounded.
You block Natasha's attack.
The shadow imp grins evilly.
You block the shadow imp's attack.
The shadow imp shouts, "Begone, thou clouted hell-hated clotpole!"
Natasha claws you.
* * * LOW HITPOINT WARNING * * *
The shadow imp barely misses you.
You closely miss Natasha.
Natasha is severely wounded.
The shadow imp disappears in a puff of smoke!
Natasha misses you. Natasha claws you but does no damage.
You barely miss Natasha.
Natasha is severely wounded.
The crimson imp hits you but does no damage.
Natasha stares at you and mumbles some strange words.
The magic dart hits you.
You die...

## # .####.###.
........#.######
..###.#.#......###
#.# #..........#
#.# ......_....#
#.### ###.....#.#
....# #...[.#.#
..#.# ####.###@#
.##.#####....#
#h5..#
..........####
#5§..# ..#.#.....#
##...# [.#.......#
..## ....#.....#
..# ....#.....#
..# ..#.##.####
..# .......#


You could see Natasha, a crimson imp (summoned) and a shadow imp (summoned).

Vanquished Creatures
  A dart slug (D:2)
  5 bats
  An endoplasm (D:1)
  A giant cockroach (D:1)
  5 goblins
  3 hobgoblins
  4 jackals (D:1)
  A quokka (D:1)
  3 frilled lizards (D:1)
  2 kobolds (D:2)
  2 rats
28 creatures vanquished.

Notes
Turn   | Place    | Note
-------+----------+-------------------------------------------
     0 | D:1      | Dittersdorf the Gargoyle Fighter began the quest for the
                  | Orb.
     0 | D:1      | Reached XP level 1. HP: 14/14 MP: 1/1
    69 | D:1      | Reached XP level 2. HP: 19/19 MP: 2/2
   420 | D:1      | Reached XP level 3. HP: 20/23 MP: 3/3
   595 | D:2      | Found a sacrificial altar of Ru.
   612 | D:2      | Noticed Natasha
   628 | D:2      | Killed from afar by Natasha

Illustrated notes

Levels and vault maps discovered:
D:1:      lightli_arrival_statuegarden, layout_rooms
D:2:      layout_loops_cross, basic_altar, serial_shops, shop,
          minmay_pentomino_u2, uniq_natasha

Action                     || total
---------------------------++-------
  Melee: Flail             ||   140
 Armour: Scale mail        ||    85
         Chain mail        ||    11
  Dodge: Dodged            ||    73
  Block: Buckler           ||    31

Table legend: (Time is in decaauts)
 A = Elapsed time spent in this place.
 B = Non-inter-level travel time spent in this place.
 C = Inter-level travel time spent in this place.
 D = Time resting spent in this place.
 E = Time spent auto-exploring this place.
 F = Levels seen in this place.
 G = Mean time per level.
                   A        B        C        D        E       F      G
               +--------+--------+--------+--------+--------+-----+--------+
         Total |    677 |    669 |      8 |     40 |    359 |   2 |  338.5 |
       Dungeon |    677 |    669 |      8 |     40 |    359 |   2 |  338.5 |
               +--------+--------+--------+--------+--------+-----+--------+

Top non-repeatable levels by time:
     D:1: 532 daAuts
     D:2: 144 daAuts
